 Dungeon Crawl Stone Soup version 0.26-b1-32-g5d43845318 (webtiles) character file.

Game seed: 17399251955230380643

13094 inmateoo the Severer (level 11, -1/104 HPs)
             Began as a Minotaur Berserker on Jan 9, 2021.
             Was the Champion of Trog.
             Slain by Harold
             ... wielding a +0 dire flail
              (4 damage)
             ... on level 12 of the Dungeon.
             The game lasted 00:13:08 (11665 turns).

inmateoo the Severer (Minotaur Berserker)          Turns: 11665, Time: 00:13:09

Health: -1/104     AC: 14    Str: 29    XL:     11   Next: 71%
Magic:  10/10      EV:  6    Int:  4    God:    Trog [******]
Gold:   900        SH:  0    Dex: 12    Spells: 10/10 levels left

rFire    . . .     SeeInvis .   w - +5 broad axe (elec)
rCold    . . .     Faith    .   (no shield)
rNeg     + . .     Spirit   .   h - +1 chain mail {rN+}
rPois    .         Reflect  .   (helmet restricted)
rElec    .         Harm     .   q - +1 cloak
rCorr    .         Rampage  .   (no gloves)
Will     .....                  (no boots)
Stlth    ..........             (no amulet)
HPRegen  0.27/turn              m - +6 ring of strength
MPRegen  0.12/turn              (no ring)

@: marked, held
A: retaliatory headbutt, horns 2
a: Renounce Religion, Berserk, Trog's Hand, Brothers in Arms


You were on level 12 of the Dungeon.
You worshipped Trog.
Trog was exalted by your worship.
You visited 1 branch of the dungeon, and saw 12 of its levels.

You collected 900 gold pieces.

Inventory:

Hand Weapons
 l - the +9 whip "Dragon's Tongue" {elec, rC+ Str+5}
   (You took it off a big kobold on level 4 of the Dungeon)

   Occasionally, upon striking a foe, it can discharge electrical energy and
   cause terrible harm.
   It affects your strength (+5).
   It protects you from cold.
 w - a +5 broad axe of electrocution (weapon)
 B - a +1 vorpal war axe
Armour
 h - a +1 chain mail of positive energy (worn)
 q - a +1 cloak (worn)
Jewellery
 m - a +6 ring of strength (left hand)
 y - an uncursed ring of fire
 E - an uncursed amulet of regeneration {unknown}
 G - a +4 ring of evasion
Wands
 a - a wand of paralysis (8)
 n - a wand of random effects (23)
 A - a wand of iceblast (4)
 C - a wand of acid (14)
Scrolls
 b - 2 scrolls of immolation
 c - 3 scrolls of magic mapping
 d - 9 scrolls of teleportation
 j - 6 scrolls of remove curse
 x - a scroll of fog
Potions
 e - 3 potions of berserk rage
 f - 2 potions of ambrosia {unknown}
 g - 3 potions of lignification
 k - 3 potions of might {unknown}
 o - 2 potions of degeneration {unknown}
 p - 2 potions of cancellation
 r - a potion of curing
 s - a potion of heal wounds
 t - 3 potions of invisibility
 u - a potion of mutation
 v - a potion of brilliance {unknown}
 z - 3 potions of flight {unknown}
 D - a potion of resistance {unknown}


   Skills:
 + Level 11.8 Fighting
 * Level 16.3 Axes
 + Level 8.5 Armour
 - Level 5.0 Dodging


You had 10 spell levels left.
You didn't know any spells.
Your spell library was empty.

Dungeon Overview and Level Annotations

Branches:
Dungeon (12/15)            Temple (0/1) D:5            Lair (0/6) D:8
    Orc (0/2) D:11

Altars:
Cheibriados
Elyvilon
Gozag
Okawaru
Qazlal
Sif Muna
Trog
Vehumet
Yredelemnul
Beogh

Portals:
Trove: D:10 (give +5 ice dragon scales)

Annotations:
D:8 3 runed translucent doors, emiel's ghost, novice DsWn
D:10 3 runed translucent doors, Daviar's ghost, novice DgGl
D:12 Harold; Urug


Innate Abilities, Weirdness & Mutations

You reflexively headbutt those who attack you in melee.
You have a pair of horns on your head.


Message History

The wizard casts a spell at you. The bolt of cold hits you!
* * * LOW HITPOINT WARNING * * *
Harold hits you with a +0 dire flail.
* * * LOW HITPOINT WARNING * * *
The centaur hits you but does no damage.
Unknown command.
You feel better. The wizard hits you but does no damage.
The centaur hits you but does no damage.
Urug hits you from afar with a +0 demon trident of venom!
* * * LOW HITPOINT WARNING * * *
You are lethally poisoned!
Harold points at you and mumbles some strange words.
The mark upon you grows brighter.
You feel better. The wizard hits you but does no damage. The centaur hits you.
* * * LOW HITPOINT WARNING * * *
Urug closely misses you. The centaur barely misses you.
You furiously retaliate!
You headbutt the centaur! The wizard hits you but does no damage.
Harold hits you with a +0 dire flail.
You die...

##.. #......#.#
#.. #......+.#
#.. . #......#.#
#.. .. #..(...#.#
#.. ...#......#.#
##.. .......c.
#.##### #...
......cp###.....#
#...
##oc@@........#
#...
#(#.o######....#
#... ##.
#....#####... ...
#.....))..... ...
#......)).... ..
#.........### #
#.........+
#.........#
#.........#


You could see Harold, an orc knight, Urug (strong), a wizard (fast), 3 centaurs
and a +5 long sword.

Vanquished Creatures
  Erolcha (D:10)
  A two-headed ogre (D:8)
  A death yak (D:9)
  An unseen horror (D:10)
  Maggie (D:6)
  The ghost of Gauvater the Sneak, a novice OpBr (D:4)
  A guardian mummy (D:10)
  A wyvern (D:12)
  4 wraiths
  12 yaks (D:11)
  Duvessa (D:6)
  7 ice beasts
  2 sky beasts
  5 orc warriors
  A hornet zombie (D:10)
  A black bear (D:11)
  5 ogres
  5 phantoms
  A wolf (D:9)
  7 centaurs
  3 big kobolds
  A gnoll sergeant (D:8)
  3 bullfrogs
  A wyvern skeleton (D:8)
  Dowan (D:6)
  4 scorpions
  19 killer bees
  5 howler monkeys
  5 wights
  A quasit (D:7)
  A wyvern simulacrum (D:9)
  2 human zombies (D:7)
  A centaur zombie (D:8)
  3 hounds
  2 jellies
  3 bullfrog zombies
  4 orc priests
  4 centaur skeletons
  3 bullfrog skeletons
  2 iguanas
  Ijyb (D:4)
  A human skeleton (D:7)
  14 orc wizards
  7 worker ants
  An ogre zombie (D:7)
  2 centaur simulacra (D:9)
  3 mummies (D:7)
  2 hound skeletons
  2 worker ant zombies
  14 gnolls
  A howler monkey skeleton (D:9)
  10 adders
  A shadow imp (D:6)
  6 white imps
  A worker ant simulacrum (D:9)
  3 ufetubi
  An ooze (D:5)
  2 adder zombies
  3 adder skeletons
  4 worms
  3 dart slugs
  An adder simulacrum (D:9)
  6 leopard geckos
  31 orcs
  A ball python (D:3)
  10 giant cockroaches
  8 goblins
  10 hobgoblins
  10 jackals
  5 quokkas
  4 bats
  3 frilled lizards (D:2)
  A giant cockroach zombie (D:5)
  A jackal skeleton (D:4)
  19 kobolds
  A leopard gecko simulacrum (D:9)
  A quokka skeleton (D:4)
  9 rats
330 creatures vanquished.

Vanquished Creatures (collateral kills)
  A hydra (D:11)
1 creature vanquished.

Vanquished Creatures (others)
  A gnoll (D:8)
1 creature vanquished.

Grand Total: 332 creatures vanquished

Notes
Turn   | Place    | Note
-------+----------+-------------------------------------------
     0 | D:1      | inmateoo the Minotaur Berserker began the quest for the
                  | Orb.
     0 | D:1      | Reached XP level 1. HP: 19/19 MP: 0/0
   343 | D:1      | Reached XP level 2. HP: 26/27 MP: 1/1
   345 | D:1      | Reached skill level 4 in Axes
   906 | D:1      | Reached XP level 3. HP: 33/33 MP: 2/2
  1130 | D:2      | Reached ** piety under Trog
  1422 | D:2      | Reached XP level 4. HP: 40/40 MP: 3/3
  1785 | D:3      | Found an iron altar of Okawaru.
  1926 | D:3      | Reached skill level 5 in Axes
  2456 | D:4      | Reached *** piety under Trog
  2460 | D:4      | Reached XP level 5. HP: 47/47 MP: 4/4
  2539 | D:4      | Noticed Ijyb
  2547 | D:4      | Paralysed by Ijyb for 6 turns
  2554 | D:4      | Killed Ijyb
  2555 | D:4      | Reached XP level 6. HP: 37/55 MP: 5/5
  2826 | D:4      | Reached skill level 5 in Fighting
  2826 | D:4      | Reached skill level 6 in Axes
  3054 | D:4      | Found a radiant altar of Vehumet.
  3065 | D:4      | Found an opulent altar of Gozag.
  3147 | D:4      | Found a white marble altar of Elyvilon.
  3231 | D:4      | Found a runed translucent gate.
  3231 | D:4      | Found a runed translucent gate.
  3232 | D:4      | Found a runed translucent gate.
  3233 | D:4      | Noticed Gauvater's ghost (novice OpBr)
  3233 | D:4      | Identified the +9 whip "Dragon's Tongue" {elec, rC+ Str+5}
  3332 | D:4      | Reached XP level 7. HP: 60/61 MP: 6/6
  3612 | D:5      | Entered Level 5 of the Dungeon
  3627 | D:5      | Found a bloodstained altar of Trog.
  3713 | D:5      | Reached skill level 7 in Axes
  3713 | D:5      | Reached skill level 5 in Armour
  3789 | D:5      | Found a snail-covered altar of Cheibriados.
  3911 | D:5      | Reached **** piety under Trog
  4104 | D:5      | Found a staircase to the Ecumenical Temple.
  4326 | D:6      | Reached skill level 8 in Axes
  4326 | D:6      | Reached skill level 5 in Dodging
  4333 | D:6      | Reached XP level 8. HP: 58/71 MP: 7/7
  4573 | D:6      | Reached skill level 9 in Axes
  4774 | D:6      | Noticed Dowan
  4776 | D:6      | Noticed Duvessa
  4786 | D:6      | Killed Dowan
  4790 | D:6      | Killed Duvessa
  5132 | D:6      | Noticed Maggie
  5144 | D:6      | Killed Maggie
  5145 | D:6      | Reached skill level 10 in Axes
  5313 | D:6      | Found a shimmering blue altar of Sif Muna.
  5502 | D:7      | Reached XP level 9. HP: 70/81 MP: 8/8
  5586 | D:7      | Reached skill level 11 in Axes
  5756 | D:7      | Found a stormy altar of Qazlal.
  5943 | D:7      | Reached skill level 12 in Axes
  5943 | D:7      | Found a basalt altar of Yredelemnul.
  6089 | D:4      | Killed Gauvater's ghost
  6250 | D:8      | Reached ***** piety under Trog
  6259 | D:8      | Reached skill level 13 in Axes
  6260 | D:8      | Reached XP level 10. HP: 55/93 MP: 9/9
  6265 | D:8      | Reached skill level 10 in Fighting
  6474 | D:8      | Noticed a two-headed ogre
  6483 | D:8      | Killed a two-headed ogre
  6516 | D:8      | Reached skill level 14 in Axes
  7117 | D:8      | Found a staircase to the Lair.
  7241 | D:8      | Found a runed translucent gate.
  7241 | D:8      | Found a runed translucent gate.
  7241 | D:8      | Found a runed translucent gate.
  7242 | D:8      | Found an opulent altar of Gozag.
  7242 | D:8      | Noticed emiel's ghost (novice DsWn)
  7250 | D:8      | Noticed a guardian serpent
  7250 | D:8      | a yaktaur changed into a guardian serpent
  7383 | D:8      | Noticed a death drake
  7480 | D:9      | Noticed a death yak
  7493 | D:9      | Killed a death yak
  8005 | D:9      | Reached skill level 15 in Axes
  8309 | D:10     | Entered Level 10 of the Dungeon
  8385 | D:10     | Reached XP level 11. HP: 66/101 MP: 10/10
  8945 | D:10     | Killed an unseen horror
  9201 | D:10     | Noticed Erolcha
  9204 | D:10     | Killed Erolcha
  9610 | D:10     | Found a runed translucent gate.
  9611 | D:10     | Found a runed translucent gate.
  9612 | D:10     | Found a runed translucent gate.
  9612 | D:10     | Noticed Daviar's ghost (novice DgGl)
  9614 | D:10     | Found a roughly hewn altar of Beogh.
  9686 | D:10     | Found a portal to a secret trove of treasure.
  9922 | D:11     | Reached ****** piety under Trog
 10191 | D:11     | Found a staircase to the Orcish Mines.
 10304 | D:11     | Noticed a seven-headed hydra
 10333 | D:11     | Killed a nine-headed hydra
 10334 | D:11     | Reached skill level 16 in Axes
 11654 | D:12     | Noticed a +5 long sword
 11655 | D:12     | Noticed Harold
 11655 | D:12     | Noticed a wizard
 11656 | D:12     | Noticed an orc knight
 11656 | D:12     | Noticed Urug
 11661 | D:12     | HP: 2/104 [Urug/+0 demon trident of venom (22)]
 11665 | D:12     | Slain by Harold

Illustrated notes

Levels and vault maps discovered:
D:1:      dpeg_arrival_arbitrary_c, layout_basic, minmay_liquid_box,
          st_stairs_8, hangedman_glass_teeth, minmay_indecisive_spiral
D:2:      layout_loops_ring, amcnicky_mini_pool_small
D:3:      layout_loops_corners, hangedman_decor_growths, nrook_mini_vaults,
          minmay_misc_feat_square, amcnicky_altar_gilded
D:4:      minmay_chambers_of_twos, layout_cave_pools,
          nicolae_gozag_seed_capital, nicolae_overflow_crystal_walls,
          fiery_altar_vehumet, gammafunk_ghost_nasty_kobolds, uniq_ijyb
D:5:      layout_loops_cross, bloody_trog, minmay_temple_entry_glassed_door,
          kennysheep_slug_shrine
D:6:      layout_gridville, kennysheep_mini, minmay_small_thing, uniq_maggie,
          uniq_duvessa
D:7:      layout_rooms, lemuel_mausoleum_altar_yredelemnul,
          nicolae_qazlal_general_emergency
D:8:      layout_cave_pools, lair_entry_dummy, ebering_ghost_gozag,
          kennysheep_generic_room_10
D:9:      layout_loops_cross, serial_ice, serial_ice_i, serial_ice_h,
          serial_ice_d, serial_ice_m, minmay_misc_feat_chi
D:10:     layout_basic, biasface_ghost_orc_armoury,
          nicolae_trove_entry_path_of_doom, hex_large, uniq_erolcha
D:11:     layout_grid_maze, orc_0_dummy
D:12:     layout_irregular_city, sword_in_stone, uniq_snorg

Skill      XL: |  1  2  3  4  5  6  7  8  9 10 11 |
---------------+----------------------------------+-----
Axes           | 4 5 6 8 10 13 15 16 | 16.3
Fighting       | 4 5 6 8 9 10 11 | 11.8
Armour         | 3 4 5 6 8 |  8.5
Dodging        | 3 4 5 |  5.0

Action                   |  1- 3 |  4- 6 |  7- 9 | 10-12 || total
-------------------------+-------+-------+-------+-------++-------
Melee: Hand axe          |    69 |    87 |   163 |       ||   319
       Headbutt          |    15 |    12 |    49 |    46 ||   122
       Broad axe         |       |       |    89 |   252 ||   341
Invok: Berserk           |     1 |     3 |     4 |       ||     8
       Trog's Hand       |       |       |     1 |     1 ||     2
       Brothers in Arms  |       |       |       |     1 ||     1
  Use: Scroll            |       |       |    17 |     4 ||    21
       Potion            |       |       |       |     5 ||     5
Armor: Animal skin       |     3 |       |       |       ||     3
       Chain mail        |    19 |    48 |   132 |   128 ||   327
Dodge: Dodged            |    39 |    33 |   156 |   161 ||   389
